 Dungeon Crawl Stone Soup version 0.27.1 (webtiles) character file.

Game seed: 4623593145029092700

247314 Crownlay the Slayer (level 18, 0/145 HPs)
             Began as a Minotaur Berserker on Aug 29, 2021.
             Was a High Priest of Trog.
             Slain by a starcursed mass (9 damage)
             ... on level 2 of the Abyss.
             The game lasted 01:38:54 (35454 turns).

Crownlay the Slayer (Minotaur Berserker)           Turns: 35454, Time: 01:38:55

Health: 0/145      AC: 33    Str: 32    XL:     18   Next: 82%
Magic:  34/34      EV: 14    Int:  0    God:    Trog [*****.]
Gold:   3459       SH:  5    Dex: 16    Spells: 17/17 levels left

rFire    + + .     SeeInvis +   S - +9 glaive of Cheese {flame, rElec rF- rCorr Str+4}
rCold    + + .     Faith    .   (shield currently unavailable)
rNeg     . . .     Spirit   .   y - +4 plate armour of Truth {Harm rPois rF+++ Int-2}
rPois    +         Reflect  +   K - +3 hat of Pondering {ponderous, Will+ MP+10 Int+5}
rElec    +         Harm     +   a - +2 cloak
rCorr    +         Rampage  .   w - +2 pair of gloves {archery}
Will     ++...     Rnd*Rage +   U - +1 pair of boots
Stlth    ..........             B - amulet of reflection
HPRegen  0.34/turn              u - ring of Lojioth {rPois rC+ Dex+4 SInv}
MPRegen  0.24/turn              r - ring "Mejup" {rPois rC+ MP+9 Int-3 Slay+3}

@: unable to read, slowed, lost intelligence, studying Axes, very slow
A: horns 2, retaliatory headbutt, robust 1, inability to read while threatened,
[berserk 2], [dopey 2], frail 1[+2], [low mp 1], [screaming 1]
}: 2/15 runes: decaying, serpentine
a: Renounce Religion, Berserk, Trog's Hand, Brothers in Arms


You were on level 2 of the Abyss.
You worshipped Trog.
Trog was extremely pleased with you.
You visited 6 branches of the dungeon, and saw 32 of its levels.
You visited the Abyss 1 time.
You also visited: Gauntlet.

You collected 3979 gold pieces.
You spent 520 gold pieces at shops.

Inventory:

Hand Weapons
 d - the +9 sword of Zonguldrok {reap}
   (You found it on level 3 of the Swamp)

   Any living foe damaged by it may be reanimated upon death as a zombie
   friendly to the wielder, with an increasing chance as more damage is dealt.
 D - the +10 hand axe of the Weasel {venom, Will++ rCorr}
   (You took it off an orc priest on level 7 of the Dungeon)

   It poisons the flesh of those it strikes.
   rCorr:     It protects you from acid and corrosion.
   Will:      It greatly increases your willpower.
 O - the +6 morningstar of Revolt {spect, Fragile +Rage rPois rCorr Int+4}
   (You found it on level 12 of the Dungeon)

   When its wielder attacks, the weapon's spirit leaps out and strikes again.
   The spirit shares a part of any damage it takes with its wielder.
   Int:       It affects your intelligence (+4).
   rPois:     It protects you from poison.
   +Rage:     It lets you go berserk.
   rCorr:     It protects you from acid and corrosion.
   Fragile:   It will be destroyed if unequipped.
 S - the +9 glaive of Cheese (weapon) {flame, rElec rF- rCorr Str+4}
   (You took it off a minotaur in a Gauntlet)

   It burns those it strikes, dealing additional fire damage.
   Big, fiery blades are also staple armaments of hydra-hunters.
   Str:       It affects your strength (+4).
   rF:        It makes you vulnerable to fire.
   rElec:     It insulates you from electricity.
   rCorr:     It protects you from acid and corrosion.
Missiles
 q - 23 curare-tipped darts
 R - 8 boomerangs of dispersal
 T - 9 silver javelins (quivered)
Armour
 a - a +2 cloak (worn)
 w - a +2 pair of gloves of archery (worn)
 y - the +4 plate armour of Truth (worn) {Harm rPois rF+++ Int-2}
   (You found it in a Gauntlet)

   Int:       It affects your intelligence (-2).
   rF:        It renders you almost immune to fire.
   rPois:     It protects you from poison.
   Harm:      It increases damage dealt and taken.
 K - the +3 hat of Pondering (worn) {ponderous, Will+ MP+10 Int+5}
   (You took it off Gastronok on level 3 of the Lair of Beasts)

   Int:       It affects your intelligence (+5).
   MP:        It affects your magic capacity (+10).
   Will:      It increases your willpower.
 U - a +1 pair of boots (worn)
Jewellery
 p - the amulet of Ugegonn {rElec Regen+ Int+4}
   (You found it in a Gauntlet)

   [amulet of regeneration]

   Int:       It affects your intelligence (+4).
   rElec:     It insulates you from electricity.
   Regen:     It increases your rate of health regeneration.
 r - the ring "Mejup" (right hand) {rPois rC+ MP+9 Int-3 Slay+3}
   (You bought it in a shop on level 4 of the Dungeon)

   [ring of poison resistance]

   Int:       It affects your intelligence (-3).
   Slay:      It affects your accuracy & damage with ranged weapons and melee
   (+3).
   rC:        It protects you from cold.
   rPois:     It protects you from poison.
   MP:        It affects your magic capacity (+9).
 u - the ring of Lojioth (left hand) {rPois rC+ Dex+4 SInv}
   (You found it in a Gauntlet)

   [ring of see invisible]

   Dex:       It affects your dexterity (+4).
   rC:        It protects you from cold.
   rPois:     It protects you from poison.
   SInv:      It lets you see invisible.
 B - an amulet of reflection (around neck)
 N - a ring of flight
Wands
 o - a wand of iceblast (31)
 s - a wand of charming (27)
 C - a wand of acid (52)
 I - a wand of paralysis (17)
 J - a wand of polymorph (11)
 L - a wand of digging (7)
 X - a wand of flame (82)
Scrolls
 e - 5 scrolls of fear
 g - 3 scrolls of magic mapping
 k - 8 scrolls of teleportation
 l - 2 scrolls of immolation
 m - 6 scrolls of enchant weapon
 v - 4 scrolls of enchant armour
 x - a scroll of blinking
 F - a scroll of silence
 M - 2 scrolls of holy word
 P - 4 scrolls of fog
 Q - 3 scrolls of noise
 W - 2 scrolls of brand weapon
 Z - 3 scrolls of identify
Potions
 b - 3 potions of resistance
 c - 5 potions of lignification
 f - 5 potions of invisibility
 h - 5 potions of mutation
 i - 5 potions of flight
 n - 6 potions of might
 t - 15 potions of curing
 z - 5 potions of magic
 A - a potion of cancellation
 E - 3 potions of heal wounds
 H - a potion of ambrosia
 V - 3 potions of haste
 Y - 2 potions of attraction
Miscellaneous
 G - a box of beasts


   Skills:
 + Level 21.4 Fighting
 - Level 3.6 Long Blades
 - Level 11.2(16.3) Axes
 - Level 19.1(20.0) Polearms
 - Level 12.0 Throwing
 - Level 15.0 Armour
 * Level 11.2 Dodging
 + Level 11.3 Evocations


You had 17 spell levels left.
You didn't know any spells.
Your spell library was empty.

Dungeon Overview and Level Annotations

Branches:
Dungeon (15/15)            Temple (0/1) D:7            Lair (6/6) D:10
  Swamp (4/4) Lair:2        Snake (4/4) Lair:3        Slime (0/5) Lair:5
    Orc (2/2) D:12            Elf (0/3) Orc:2        Vaults (1/5) D:14
 Depths (0/5) D:15        Gauntlet (visited)

Altars:
Ashenzari
Cheibriados
Dithmenos
Fedhas
Gozag
Kikubaaqudgha
Makhleb
Nemelex Xobeh
Okawaru
Trog
Uskayaw
Vehumet
Xom
Yredelemnul
The Shining One
Beogh
Jiyva

Shops:
D:4 [*(([   Orc:1 !   Orc:2 *[(*(=

Portals:
Abyss: Snake:3

Annotations:
Snake:3 2 transporters, wakim's ghost, adept TeAE


Innate Abilities, Weirdness & Mutations

You have a pair of horns on your head.
You reflexively headbutt those who attack you in melee.
You are robust. (+10% HP)
You sometimes lose the ability to read scrolls when taking damage.
[You often lose your temper in combat.]
[You are very dopey. (Int -4)]
[You are extremely frail. (-30% HP)]
[Your magical capacity is low. (-10% MP)]
[You occasionally shout uncontrollably at your foes.]


Message History

You almost manage to decipher the scroll, but fail in this attempt.
A deafening chorus of shrieks assaults your mind!
The starcursed mass touches you but does no damage.
You almost manage to decipher the scroll, but fail in this attempt.
A deafening chorus of shrieks assaults your mind!
* * * LOW HITPOINT WARNING * * *
The starcursed mass touches you but does no damage. x2
You are too injured to fight recklessly!
You feel much better. The starcursed mass closely misses you.
A starcursed mass splits. x2; The starcursed mass closely misses you.
A lurking horror comes into view.
A cacophony of accursed wailing tears at your sanity!
* * * LOW HITPOINT WARNING * * *
You suddenly lose the ability to move!
A starcursed mass splits.
The starcursed mass touches you but does no damage.
The starcursed mass touches you.
* * * LOW HITPOINT WARNING * * *
You can move again.
A deafening chorus of shrieks assaults your mind!
* * * LOW HITPOINT WARNING * * *
You feel much better.
The starcursed mass completely misses you.
The starcursed mass touches you but does no damage.
A deafening chorus of shrieks assaults your mind!
* * * LOW HITPOINT WARNING * * *
The starcursed mass barely misses you.
Your body is wracked with pain!
* * * LOW HITPOINT WARNING * * *
Really quaff the potion of mutation?
You feel extremely strange.
You feel robust.
You lose the ability to read scrolls when threatened.
You feel frail.
You feel robust. The starcursed mass touches you!
* * * LOW HITPOINT WARNING * * *
A starcursed mass splits.
The wretched star pulses with an eldritch light!
You feel frail. The starcursed mass touches you!
You feel threatened and lose the ability to read scrolls!
You die...

. #. . #.##
.### ##....
...# # ...
##..###..
#.##..##..#...#
###..##X.#..#
#.....@XX..#
#.##..##XX.## #
# ##..##*.# # #
##.## #.
.#XX###
.##XX#.# # #
##.. # . # #.#.
## #.# ## #
....


You could see 8 starcursed masses and a wretched star.

Vanquished Creatures
  A tentacled monstrosity (Swamp:4)
  Jorgrun (D:15)
  Gastronok (Lair:3)
  2 tentacled starspawn (Abyss:2)
  2 fenstrider witches (Swamp:4)
  2 nagarajas (Snake:4)
  An ironbound preserver (Vaults:1)
  A minotaur (Gauntlet)
  Nessos (Lair:6)
  3 bunyips
  Azrael (D:15)
  The ghost of amoeba the Spear-Bearer, a journeyman MiFi of Okawaru (Orc:2)
  2 ettins
  2 fire dragons
  5 eleionomae
  A salamander tyrant (Snake:4)
  Fannar (D:12)
  12 naga warriors
  The ghost of Zoobame the Devastator, a journeyman DEWz of Sif Muna (Lair:2)
  31 hydras
  6 boulder beetles
  4 catoblepae
  2 ogre magi (Orc:2)
  17 anacondas
  3 centaur warriors
  A spriggan air mage (Swamp:2)
  A death knight (D:15)
  12 two-headed ogres
  6 alligators
  2 tengu warriors
  7 death yaks
  11 shock serpents
  Urug (D:13)
  10 naga sharpshooters
  A deep elf knight (D:14)
  2 wretched stars (Abyss:2)
  4 salamander mystics
  The ghost of Sassenached the Basher, a novice DsWn of Gozag (D:8)
  A goliath frog (Swamp:4)
  A death drake (Swamp:1)
  A sea snake (shapeshifter) (D:12)
  A sea snake (Snake:2)
  6 naga ritualists
  9 deep trolls
  3 spriggan druids
  12 swamp dragons
  A phantasmal warrior (Abyss:2)
  2 wizards
  3 bog bodies
  An ironbound convoker (Vaults:1)
  5 lindwurms
  A deep elf zephyrmancer (D:14)
  2 necromancers (D:15)
  3 deep elf pyromancers
  2 orc knights
  7 ugly things
  9 mana vipers
  A fire giant zombie (Abyss:2)
  4 oklob plants (Lair:6)
  A will-o-the-wisp (Swamp:1)
  10 manticores
  15 salamanders
  4 orc sorcerers
  6 cyclopes
  5 elephants (Lair:6)
  The ghost of Nanban the Covert, a novice TeDe of Uskayaw (D:7)
  9 naga magi
  37 black mambas
  9 guardian serpents
  A smoke demon (Gauntlet)
  7 torpor snails
  11 cane toads
  2 rime drakes
  2 unseen horrors
  3 gargoyles
  An efreet (D:14)
  20 komodo dragons
  5 yaktaurs (D:15)
  3 kobold demonologists
  2 tengu conjurers
  A red devil (Gauntlet)
  13 trolls
  A hellwing (Abyss:2)
  3 bloated husks
  A meliai (D:12)
  12 tyrant leeches
  4 polar bears (Lair:6)
  13 hornets
  7 raiju
  2 large abominations (Abyss:2)
  5 slime creatures
  12 blink frogs
  A centaur simulacrum (D:12)
  6 spriggans
  A wraith (D:11)
  4 basilisks
  60 yaks
  3 fire elementals (D:15)
  2 wyverns
  A chaos spawn (Abyss:2)
  26 swamp worms
  2 wargs
  6 vampire mosquitoes
  43 nagas
  14 water moccasins
  3 hell hounds (D:15)
  5 acid dragons
  A sky beast (D:5)
  15 swamp drakes
  18 orc warriors
  A meliai simulacrum (D:15)
  21 ogres
  3 ice beasts
  A necrophage (D:5)
  A hornet zombie (D:6)
  A boggart (D:12)
  15 wolves
  2 phantoms
  10 centaurs
  14 kobold brigands
  18 bullfrogs
  2 scorpions
  A small abomination (Abyss:2)
  4 water moccasin zombies
  2 water moccasin skeletons
  3 electric eels
  A vampire bat (Lair:5)
  3 howler monkeys
  10 wights
  4 crimson imps (Gauntlet)
  2 jellies
  2 bullfrog zombies
  6 centaur zombies
  18 orc priests
  Crazy Yiuf (D:6)
  2 centaur skeletons (D:6)
  7 hounds
  An iguana (D:4)
  18 orc wizards
  2 lightning spires (Gauntlet)
  2 killer bee zombies
  A hound skeleton (D:4)
  A hound zombie (D:5)
  A howler monkey zombie (D:7)
  A gnoll (D:6)
  7 adders
  2 howler monkey skeletons
  A shadow imp (D:7)
  A white imp (D:6)
  An ufetubus (D:4)
  An adder skeleton (D:5)
  A worm (D:3)
  A dart slug (D:1)
  67 orcs
  8 endoplasms
  3 giant cockroaches
  5 goblins
  7 hobgoblins
  8 jackals (D:3)
  14 kobolds
  6 quokkas
  9 ball pythons
  12 bats
  3 frilled lizards
  6 rats
  6 briar patches (Swamp:2)
  A starspawn tentacle (Abyss:2)
1029 creatures vanquished.

Vanquished Creatures (collateral kills)
  the Lernaean hydra (Swamp:4)
  A rakshasa (D:14)
  An ogre mage (D:14)
  A centaur warrior (D:14)
  3 ogres (D:14)
  A centaur (D:14)
8 creatures vanquished.

Vanquished Creatures (others)
  An ugly thing (D:15)
  An orc warrior (D:12)
  An orc wizard (D:4)
  A briar patch (Swamp:2)
  2 foxfires (Swamp:1)
  38 fungi
  A lurking horror (Abyss:2)
  43 plants
  6 starspawn tentacles (Abyss:2)
  A withered plant (Gauntlet)
95 creatures vanquished.

Grand Total: 1132 creatures vanquished

Notes
Turn   | Place    | Note
-------+----------+-------------------------------------------
     0 | D:1      | Crownlay the Minotaur Berserker began the quest for the
                  | Orb.
     0 | D:1      | Reached XP level 1. HP: 19/19 MP: 0/0
   110 | D:1      | Reached skill level 4 in Fighting
   121 | D:1      | Reached XP level 2. HP: 7/28 MP: 1/1
   971 | D:1      | Reached skill level 5 in Fighting
  1185 | D:2      | Found a faded altar of an unknown god.
  1194 | D:2      | Reached XP level 3. HP: 31/36 MP: 2/2
  1301 | D:2      | Reached ** piety under Trog
  2023 | D:3      | Found a glowing golden altar of the Shining One.
  2177 | D:3      | Reached skill level 6 in Fighting
  2177 | D:3      | Reached XP level 4. HP: 34/44 MP: 3/3
  2553 | D:3      | Found a shadowy altar of Dithmenos.
  2654 | D:3      | Reached skill level 7 in Fighting
  2654 | D:3      | Reached XP level 5. HP: 48/52 MP: 4/4
  3140 | D:3      | Found a sparkling altar of Nemelex Xobeh.
  3166 | D:3      | Found a snail-covered altar of Cheibriados.
  3309 | D:4      | Found Hiklof's Antique Weapon Boutique.
  3317 | D:4      | Reached *** piety under Trog
  3354 | D:4      | Reached skill level 8 in Fighting
  3422 | D:4      | Found a broken altar of Ashenzari.
  3432 | D:4      | Reached XP level 6. HP: 60/61 MP: 5/5
  3438 | D:4      | Found Wuariet's Assorted Antiques.
  3454 | D:4      | Bought a steaming silver ring for 160 gold pieces
  3454 | D:4      | Identified the ring "Mejup" {rPois rC+ MP+9 Int-3 Slay+3}
                  | (You bought it in a shop on level 4 of the Dungeon)
  3763 | D:4      | Found Texa's Armour Emporium.
  3946 | D:4      | Found Lajen's Antique Weapon Boutique.
  4086 | D:4      | Reached skill level 9 in Fighting
  4151 | D:4      | Found Meumnuow's Antique Armour Shoppe.
  4167 | D:4      | Found a burning altar of Makhleb.
  4342 | D:5      | Entered Level 5 of the Dungeon
  4359 | D:5      | Reached skill level 1 in Polearms
  4359 | D:5      | Reached XP level 7. HP: 70/70 MP: 6/6
  4459 | D:5      | Found a basalt altar of Yredelemnul.
  4481 | D:5      | Reached skill level 10 in Fighting
  4517 | D:5      | Reached **** piety under Trog
  4595 | D:5      | Reached skill level 5 in Polearms
  4729 | D:5      | Noticed a kobold demonologist
  4730 | D:5      | Noticed a neqoxec
  4731 | D:5      | Gained mutation: [You are frail. (-10% HP)] [a neqoxec]
  4732 | D:5      | Noticed a sun demon
  4734 | D:5      | Noticed a soul eater
  4753 | D:5      | Noticed a red devil
  4755 | D:5      | Noticed a smoke demon
  4758 | D:5      | Killed a kobold demonologist
  4759 | D:5      | Reached skill level 11 in Fighting
  4759 | D:5      | Reached XP level 8. HP: 15/73 MP: 7/7
  5599 | D:5      | Reached skill level 12 in Fighting
  5769 | D:6      | Identified the +1 pair of gloves of Fun and Games {rCorr
                  | Dex+4}
  5811 | D:6      | Reached skill level 10 in Polearms
  5811 | D:6      | Reached XP level 9. HP: 81/81 MP: 8/8
  5908 | D:6      | Reached skill level 5 in Armour
  6319 | D:6      | Found an opulent altar of Gozag.
  6511 | D:6      | Found a runed translucent door.
  6512 | D:6      | Noticed Crazy Yiuf
  6517 | D:6      | Killed Crazy Yiuf
  6721 | D:7      | Found a staircase to the Ecumenical Temple.
  6909 | D:7      | Found a bloodstained altar of Trog.
  7115 | D:7      | Reached skill level 1 in Evocations
  7138 | D:7      | Identified the +2 chain mail of Boetuull {rF+ Regen+}
  7139 | D:7      | Noticed Nanban's ghost (novice TeDe)
  7143 | D:7      | Found a runed translucent gate.
  7143 | D:7      | Found a runed translucent gate.
  7144 | D:7      | Found a runed translucent gate.
  7144 | D:7      | Identified the +10 hand axe of the Weasel {venom, Will++
                  | rCorr}
  7183 | D:7      | Killed Nanban's ghost
  7184 | D:7      | Reached XP level 10. HP: 85/87 MP: 9/9
  7709 | D:7      | Found a hide-covered altar of Uskayaw.
  8219 | D:8      | Reached ***** piety under Trog
  8220 | D:8      | Reached skill level 1 in Axes
  8246 | D:8      | Found a radiant altar of Vehumet.
  8468 | D:8      | Found a runed translucent gate.
  8468 | D:8      | Found a runed translucent gate.
  8468 | D:8      | Found a runed translucent gate.
  8469 | D:8      | Noticed Sassenached's ghost (novice DsWn)
  8499 | D:8      | Killed Sassenached's ghost
  8500 | D:8      | Reached skill level 5 in Axes
  8769 | D:9      | Reached skill level 5 in Evocations
  8799 | D:9      | Found a blossoming altar of Fedhas.
  8825 | D:9      | Reached XP level 11. HP: 93/93 MP: 10/10
  8873 | D:9      | Found an ancient bone altar of Kikubaaqudgha.
  9069 | D:10     | Entered Level 10 of the Dungeon
  9322 | D:10     | Found an iron altar of Okawaru.
  9399 | D:10     | Noticed a death yak
  9402 | D:10     | Noticed a death yak
  9403 | D:10     | Noticed a death yak
  9403 | D:10     | Noticed a two-headed ogre
  9419 | D:10     | Killed a death yak
  9426 | D:10     | Killed a death yak
  9440 | D:10     | Killed a death yak
  9441 | D:10     | Reached skill level 10 in Axes
  9454 | D:10     | Killed a two-headed ogre
  9474 | D:10     | Found a staircase to the Lair.
  9762 | D:11     | Noticed a purple ugly thing
  9764 | D:11     | Noticed a two-headed ogre
  9772 | D:11     | Killed a purple ugly thing
  9775 | D:11     | Killed a two-headed ogre
  9998 | D:11     | Noticed a two-headed ogre
 10003 | D:11     | Received a gift from Trog
 10007 | D:11     | Killed a two-headed ogre
 10047 | D:11     | Reached skill level 1 in Throwing
 10047 | D:11     | Reached XP level 12. HP: 99/100 MP: 11/11
 10670 | D:12     | Noticed a two-headed ogre
 10676 | D:12     | Killed a two-headed ogre
 10740 | D:12     | Noticed Fannar
 10760 | D:12     | Killed Fannar
 10763 | D:12     | Found a staircase to the Orcish Mines.
 10878 | D:12     | Reached skill level 10 in Armour
 11101 | D:12     | Noticed a six-headed hydra
 11129 | D:11     | Killed a six-headed hydra
 11186 | D:12     | Noticed a fire dragon
 11195 | D:12     | Killed a fire dragon
 11196 | D:12     | Reached skill level 5 in Throwing
 11243 | D:12     | Identified the +6 morningstar of Revolt {spect, Fragile
                  | +Rage rPois rCorr Int+4}
 11316 | D:12     | Noticed a tengu warrior
 11325 | D:12     | Killed a tengu warrior
 11326 | D:12     | Noticed a boulder beetle
 11676 | D:13     | Found a gate leading to a gauntlet.
 11696 | Gauntlet | Entered a Gauntlet
 11696 | Gauntlet | Found a transporter.
 11696 | Gauntlet | Found a transporter.
 11706 | Gauntlet | Found a transporter.
 11710 | Gauntlet | Found a transporter.
 11718 | Gauntlet | Found a transporter.
 11722 | Gauntlet | Found a transporter.
 11724 | Gauntlet | Noticed a death yak
 11724 | Gauntlet | Noticed a death yak
 11724 | Gauntlet | Noticed a death yak
 11724 | Gauntlet | Noticed a death yak
 11725 | Gauntlet | Noticed a death yak
 11726 | Gauntlet | Noticed a death yak
 11730 | Gauntlet | Found a transporter.
 11745 | Gauntlet | Found a runed translucent door.
 11746 | Gauntlet | Found a transporter.
 11747 | Gauntlet | Found a runed translucent door.
 11761 | Gauntlet | Found a transporter.
 11765 | Gauntlet | Found a transporter.
 11771 | Gauntlet | Noticed a catoblepas
 11776 | Gauntlet | Found a transporter.
 11777 | Gauntlet | Found a transporter.
 11911 | Gauntlet | Killed a catoblepas
 11912 | Gauntlet | Reached XP level 13. HP: 106/106 MP: 12/12
 11921 | Gauntlet | Identified the ring of Lojioth {rPois rC+ Dex+4 SInv}
 12011 | Gauntlet | Identified the amulet of Ugegonn {rElec Regen+ Int+4}
 12013 | Gauntlet | Identified the +4 plate armour of Truth {Harm rPois rF+++
                  | Int-2}
 12024 | Gauntlet | Identified the +9 glaive of Cheese {flame, rElec rF- rCorr
                  | Str+4}
 12024 | Gauntlet | Noticed a minotaur
 12046 | Gauntlet | Killed a minotaur
 12079 | Gauntlet | Identified the +1 robe of Peisiup {Str+7}
 12082 | Gauntlet | Identified the +1 robe of Shielding {Will+ Int+2}
 12354 | D:13     | Reached skill level 13 in Fighting
 12617 | D:13     | Noticed Urug
 12622 | D:13     | Killed Urug
 13058 | Lair:1   | Entered Level 1 of the Lair of Beasts
 13066 | Lair:1   | Identified 2 scrolls of acquirement
 13066 | Lair:1   | Acquired a manual of Axes
 13172 | Lair:1   | Reached skill level 14 in Fighting
 13946 | Lair:2   | Received a gift from Trog
 14153 | Lair:2   | Reached skill level 15 in Fighting
 14172 | Lair:2   | Found a runed translucent gate.
 14172 | Lair:2   | Found a runed translucent gate.
 14172 | Lair:2   | Found a runed translucent gate.
 14174 | Lair:2   | Noticed Zoobame's ghost (journeyman DEWz)
 14185 | Lair:2   | HP: 3/113 [nine-headed hydra (7)]
 14371 | Lair:2   | Killed Zoobame's ghost
 14372 | Lair:2   | Reached XP level 14. HP: 121/121 MP: 13/13
 14434 | Lair:2   | Found a staircase to the Swamp.
 15126 | Lair:3   | Found a staircase to the Snake Pit.
 15544 | Lair:3   | Reached skill level 16 in Fighting
 15645 | Lair:3   | Noticed Gastronok
 15658 | Lair:3   | Killed Gastronok
 17006 | Lair:5   | Found a staircase to the Slime Pits.
 17007 | Lair:5   | Found a viscous altar of Jiyva.
 17311 | Lair:5   | Received a gift from Trog
 17338 | Lair:5   | Reached skill level 17 in Fighting
 17735 | Lair:6   | Entered Level 6 of the Lair of Beasts
 18032 | Lair:6   | Reached skill level 15 in Armour
 18128 | Lair:6   | Reached skill level 18 in Fighting
 18348 | Lair:6   | Reached XP level 15. HP: 132/134 MP: 14/14
 18695 | Lair:6   | Reached skill level 15 in Polearms
 19036 | Lair:6   | Noticed Nessos
 19049 | Lair:6   | Killed Nessos
 19433 | Lair:6   | Found a runed translucent door.
 19541 | Lair:6   | Received a gift from Trog
 20346 | Orc:1    | Entered Level 1 of the Orcish Mines
 20492 | Orc:1    | Found Vodinawa's Distillery.
 20849 | Orc:2    | Entered Level 2 of the Orcish Mines
 20852 | Orc:2    | Found Ypuawn's Jewellery Emporium.
 21222 | Orc:2    | Found Senusch's General Store.
 21275 | Orc:2    | Found Minaiwae's Antique Armour Shop.
 21284 | Orc:2    | Found Yzaptac's Antique Weapon Emporium.
 21462 | Orc:2    | Found Lynge's Weapon Boutique.
 21522 | Orc:2    | Found a staircase to the Elven Halls.
 21840 | Orc:2    | Found a runed translucent gate.
 21840 | Orc:2    | Found a runed translucent gate.
 21841 | Orc:2    | Found a runed translucent gate.
 21842 | Orc:2    | Found an opulent altar of Gozag.
 21881 | Orc:2    | Received a gift from Trog
 21972 | Orc:2    | Noticed amoeba's ghost (journeyman MiFi)
 21973 | Orc:2    | Found Yzotius's Assorted Antiques.
 21983 | Orc:2    | Killed amoeba's ghost
 22089 | Orc:2    | Acquired a +2 pair of gloves of archery
 22949 | D:14     | Reached XP level 16. HP: 68/141 MP: 15/15
 23256 | D:14     | Found a gate to the Vaults.
 23410 | D:15     | Entered Level 15 of the Dungeon
 23413 | D:15     | Noticed Jorgrun
 23418 | D:15     | Killed Jorgrun
 23634 | D:15     | Noticed Azrael
 23660 | D:15     | Killed Azrael
 24114 | D:15     | Found a staircase to the Depths.
 24238 | D:15     | Reached skill level 10 in Throwing
 24369 | D:15     | Identified the +10 rapier of Dissolution {drain, rF++
                  | Int+3}
 24519 | Swamp:1  | Entered Level 1 of the Swamp
 24799 | Swamp:1  | Identified the +2 leather armour "Utreaj" {Rampage Int+5}
 25062 | Swamp:1  | Identified the +2 cloak of Spring {Drain rElec Will+++
                  | Str+6 Dex-4}
 25221 | Swamp:2  | Received a gift from Trog
 25735 | Swamp:2  | Found a transporter.
 25771 | Swamp:2  | Found a transporter.
 26038 | Swamp:2  | Identified the amulet of Pimae {Faith Dex+2}
 26044 | Swamp:2  | Identified the +1 barding of Kaym {Will+ Str+4}
 27727 | Swamp:3  | Found the +9 sword of Zonguldrok {reap}
 27874 | Swamp:4  | Entered Level 4 of the Swamp
 28197 | Swamp:4  | Reached XP level 17. HP: 142/149 MP: 16/16
 28425 | Swamp:4  | Reached skill level 5 in Dodging
 28433 | Swamp:4  | Noticed a tentacled monstrosity
 28437 | Swamp:4  | Reached skill level 19 in Fighting
 28448 | Swamp:4  | Killed a tentacled monstrosity
 28482 | Swamp:4  | Noticed the 27-headed Lernaean hydra
 28662 | Swamp:4  | Killed the 27-headed Lernaean hydra
 29035 | Swamp:4  | Got a decaying rune of Zot
 29179 | Snake:1  | Entered Level 1 of the Snake Pit
 29260 | Snake:1  | Found a shimmering altar of Xom.
 30386 | Snake:2  | Reached skill level 20 in Fighting
 30618 | Snake:2  | Reached skill level 10 in Evocations
 30647 | Snake:2  | You fall into a shaft and drop 1 floor!
 30781 | Snake:3  | Noticed wakim's ghost (adept TeAE)
 30794 | Snake:3  | Found the +9 heavy crossbow "Sniper" {vorpal, Acc+∞ SInv}
 30800 | Snake:3  | Found a transporter.
 30813 | Snake:3  | Found a one-way gate to the infinite horrors of the Abyss.
 30814 | Snake:3  | Noticed a profane servitor
 30885 | Snake:3  | Found a transporter.
 31339 | Snake:2  | Reached XP level 18. HP: 147/162 MP: 17/17
 32117 | Snake:4  | Entered Level 4 of the Snake Pit
 33127 | Snake:4  | Reached skill level 21 in Fighting
 34232 | Snake:4  | Received a gift from Trog
 34233 | Snake:4  | Reached skill level 10 in Dodging
 34303 | Snake:4  | Got a serpentine rune of Zot
 34627 | Vaults:1 | Entered Level 1 of the Vaults
 35043 | Orc:1    | Bought a potion of resistance for 120 gold pieces
 35043 | Orc:1    | Bought a potion of heal wounds for 60 gold pieces
 35043 | Orc:1    | Bought a potion of heal wounds for 60 gold pieces
 35043 | Orc:1    | Bought a potion of haste for 120 gold pieces
 35244 | Vaults:1 | Cast into level 2 of the Abyss (a wizard)
 35298 | Abyss:2  | Lost intelligence.
 35442 | Abyss:2  | Lost intelligence.
 35449 | Abyss:2  | Paralysed by accursed screaming for 2 turns
 35453 | Abyss:2  | Lost mutation: [You are very frail. (-20% HP)] [potion of
                  | mutation]
 35453 | Abyss:2  | Gained mutation: You sometimes lose the ability to read
                  | scrolls when taking damage. [potion of mutation]
 35453 | Abyss:2  | Gained mutation: [You are very frail. (-20% HP)] [potion of
                  | mutation]
 35453 | Abyss:2  | Gained mutation: You are robust. (+10% HP) [potion of
                  | mutation]
 35453 | Abyss:2  | HP: 8/163 [starcursed mass (8)]
 35454 | Abyss:2  | Slain by a starcursed mass

Illustrated notes

Levels and vault maps discovered:
D:1:      ncdulo_halloftheorcs, layout_basic, minmay_pentomino_r4
D:2:      layout_basic, shapermc_ecumenical_altar_venn
D:3:      layout_basic, mainiacjoe_overflow_alcove_4,
          nemelex_diamond_rough_becter, general_overflow_altar,
          mainiacjoe_overflow_surrounded_room, minmay_crystal_water,
          minmay_misc_feat_hallway
D:4:      layout_loops_ring, cheibrodos_ashenzari_chains,
          makhleb_heckhound_becter, serial_shops, nicolae_diamond_shop, shop,
          shop_coins, kennysheep_little_box, shop_statue
D:5:      kennysheep_big_flooded_room, layout_basic,
          nicolae_yredelemnul_corpse_copse, minmay_door_square
D:6:      hangedman_cross_stitches, layout_loops_ring,
          nicolae_gozag_cash_rules_everything_around_me,
          hangedman_minor_gate_pass, uniq_crazy_yiuf_cottage
D:7:      layout_basic, nicolae_overflow_hidden_temple,
          mainiacjoe_overflow_alcove_1, minmay_temple_entry_waves,
          serial_rivers, chequers_serial_rivers_marsh,
          chequers_serial_rivers_micro_e, chequers_serial_rivers_small_3,
          chequers_serial_rivers_room_a, chequers_serial_rivers_room_a,
          chequers_serial_rivers_micro_c, biasface_ghost_orc_armoury,
          minivault_11, serial_bayou_pond_d, chequers_serial_rivers_micro_a,
          kennysheep_small_square
D:8:      layout_loops_ring, fiery_altar_vehumet, gammafunk_ghost_nasty_kobolds
D:9:      layout_gridville, mainiacjoe_overflow_catwalk, kennysheep_mini_moat,
          kennysheep_generic_room_8
D:10:     layout_loops_ring, mainiacjoe_overflow_small_starburst,
          dpeg_lair_monsters
D:11:     minmay_inner_zag, layout_basic
D:12:     minmay_crescents, layout_cave_pools, erik_orc_1, serial_column_ruins,
          column_ruins_hut_water, column_ruins_open_small_water,
          column_ruins_open_large, column_ruins_open_small,
          column_ruins_columns_dead_end, column_ruins_columns_water, uniq_fannar
D:13:     layout_stronghold, gauntlet_entry_generic, uniq_urug
D:14:     layout_rooms, hangedman_vaults_entry_quadrant_bands,
          hangedman_decor_growths, feat_on_display
D:15:     hangedman_depths_entry_civil_slaughter, layout_basic, uniq_azrael,
          uniq_jorgrun
Lair:1:   layout_chaotic_city, beast_lair_carwin_10
Lair:2:   cheibrodos_lair_river_kwai, layout_chaotic_city,
          nicolae_swamp_entry_splash_gauntlet, gammafunk_ghost_hydra_chop,
          serial_bayou_shore_b
Lair:3:   layout_concentric_octagons, guppyfry_snake_entry_island,
          infiniplex_staircase_pool, lemuel_fruit_tree, uniq_gastronok
Lair:4:   layout_small_grid
Lair:5:   layout_roguey, slime_altar_1, roderic_batcave, grunt_megastairs_3
Lair:6:   wormcave, layout_regular_city, grunt_megastairs_2,
          minmay_lair_oklob_chamber, serial_bayou_shore_b, uniq_nessos
Swamp:1:  layout_falls_marsh, serial_swamp_ruin, evilmike_swamp_ruin_wall,
          evilmike_swamp_ruin_house_1, evilmike_swamp_ruin_house_4, swamp_pool5
Swamp:2:  gammafunk_worm_tunnel, layout_falls_marsh,
          evilmike_swamp_ruin_house_3, swamp_pool1
Swamp:3:  layout_falls_marsh, nicolae_swamp_very_dense_foliage, swamp_pool5,
          worms_lemuel
Swamp:4:  swamp_old_school, layout_basic_swamp, swamp_pool5
Snake:1:  layout_misc_corridors, basic_altar
Snake:2:  layout_basic, nicolae_snake_round_shape_thing, serial_bayou_shore_a
Snake:3:  layout_misc_corridors, gammafunk_ghost_abyssal_escape
Snake:4:  snake_pit_salamanders_mu, layout_onion, nicolae_snake_slithery_hallway
Orc:1:    layout_diamond_mine, serial_shops, nicolae_lakefront_shop
Orc:2:    st_orc_open, layout_diamond_mine, ebering_ghost_gozag, serial_shops,
          shop
Vaults:1: nicolae_vaults_ring_of_whatevers, hangedman_vaults_stretched_pinwheel,
          hangedman_vaults_slither, hangedman_vaults_unwind,
          vaults_mumra_hexcomb, nicolae_vaults_alarming, v_misc_31,
          vaults_room_pool, hangedman_vaults_cutoff, layout_vaults_omnicross
Abyss:2:  base: D:8, eino_small_chamber_without_monster,
          eino_small_chamber_without_monster

Skill      XL: |  1  2  3  4  5  6  7  8  9 10 11 12 13 14 15 16 17 18 |
---------------+-------------------------------------------------------+-----
Fighting       | 4 5 6 7 8 9 11 12 15 18 20 21 | 21.4
Polearms       | 1 6 10 14 18 19 | 19.1
Armour         | 3 7 8 12 13 15 | 15.0
Evocations     | 2 5 8 10 11 | 11.3
Axes           | 7 11 | 11.2
Throwing       | 1 7 8 12 | 12.0
Dodging        | 4 8 11 | 11.2
Long Blades    | |  3.6

Action                   |  1- 3 |  4- 6 |  7- 9 | 10-12 | 13-15 | 16-18 || total
-------------------------+-------+-------+-------+-------+-------+-------++-------
Melee: Falchion          |    96 |   127 |       |       |       |       ||   223
       Headbutt          |    11 |    31 |    48 |    94 |   156 |   147 ||   487
       Trident           |       |     8 |   267 |    18 |       |       ||   293
       Hand axe          |       |       |       |   368 |    36 |       ||   404
       Glaive            |       |       |       |       |   711 |   897 ||  1608
Throw: Dart              |       |       |       |    15 |    12 |     5 ||    32
       Javelin           |       |       |       |       |       |     9 ||     9
Invok: Trog's Hand       |       |       |     3 |    12 |    17 |    30 ||    62
       Berserk           |       |       |     1 |     9 |     5 |       ||    15
       Brothers in Arms  |       |       |       |       |     1 |     3 ||     4
Evoke: Box of beasts     |       |       |       |       |       |     1 ||     1
  Use: Scroll            |     1 |     2 |     3 |    12 |    12 |    11 ||    41
       Potion            |       |       |       |       |     1 |     7 ||     8
 Stab: Confused          |       |       |       |       |       |     1 ||     1
Armor: Animal skin       |    10 |       |       |       |       |       ||    10
       Ring mail         |     8 |    55 |    91 |       |       |       ||   154
       Chain mail        |       |       |       |   141 |   153 |       ||   294
       Plate armour      |       |       |       |       |   227 |   421 ||   648
Dodge: Dodged            |    61 |    70 |    88 |   110 |   229 |   280 ||   838
Block: Other             |       |       |     4 |    62 |   142 |   118 ||   326
       Reflection        |       |       |       |     3 |     9 |    16 ||    28
       Rpst.: Falchion   |    14 |    16 |       |       |       |       ||    30
